 Dungeon Crawl Stone Soup version 0.14-a0-155-gd989017 (webtiles) character file.

397 PolkaDot the Soul Tainter (level 5, -1/40 HPs)
             Began as a Demonspawn Death Knight on Oct 5, 2013.
             Was a Priest of Yredelemnul.
             Slain by an orc
             ... wielding a +0,+2 orcish flail
              (2 damage)
             ... on Level 3 of the Dungeon.
             The game lasted 00:06:20 (1801 turns).

PolkaDot the Soul Tainter (Demonspawn Death Knight) Turns: 1801, Time: 00:06:21

HP  -1/40        AC  3     Str 18      XL: 5   Next: 44%
MP  10/10        EV 11     Int 13      God: Yredelemnul [***...]
Gold 203         SH  0     Dex 13      Spells:  0 memorised,  4 levels left

Res.Fire  : . . .   See Invis. : .   a - +1 spear
Res.Cold  : . . .   Warding    : .   b - +0 leather armour
Life Prot.: . . .   Conserve   : .   (no shield)
Res.Poison: +       Res.Corr.  : .   (helmet restricted)
Res.Elec. : .       Clarity    : .   (no cloak)
Sust.Abil.: . .     Spirit.Shd : .   (no gloves)
Res.Mut.  : .       Stasis     : .   (no boots)
Res.Rott. : .       Flight     : .   (no amulet)
Saprovore : . . .                    (no ring)
                                     g - ring of poison resistance

@: mighty, slightly resistant to hostile enchantments, fairly stealthy
A: horns 2, nightstalker 1
a: Animate Dead, Recall Undead Slaves, Injury Mirror, Renounce Religion


You were on level 3 of the Dungeon.
You worshipped Yredelemnul.
Yredelemnul was most pleased with you.
You were not hungry.

You visited 1 branch of the dungeon, and saw 3 of its levels.

You collected 183 gold pieces.

Inventory:

Hand weapons
 a - a +1,+1 spear (weapon)
Armour
 b - a +0 leather armour (worn)
Comestibles
 c - a bread ration
 f - 4 meat rations
 h - 5 rotting chunks of orc flesh
 o - 2 chunks of hobgoblin flesh
Scrolls
 d - 6 scrolls of identify {unknown}
 i - a scroll of teleportation {unknown}
 j - a scroll of enchant armour {unknown}
 k - a scroll of recharging {unknown}
 l - a scroll of remove curse {unknown}
 m - a scroll of magic mapping {unknown}
Jewellery
 g - a ring of poison resistance (left hand)


   Skills:
 * Level 3.6 Fighting
 * Level 3.4 Polearms
 - Level 0.8 Armour
 - Level 0.8 Dodging
 + Level 5.3 Invocations


You had 4 spell levels left.
You didn't know any spells.

Dungeon Overview and Level Annotations

Branches:
Dungeon (3/27)

Altars:
Kikubaaqudgha
Sif Muna
Xom


Innate Abilities, Weirdness & Mutations

You have a pair of horns on your head.
You are slightly more attuned to the shadows.


Message History

Drink which item? (? for menu, Esc to quit)
You feel very mighty all of a sudden. It hits you.
* * * LOW HITPOINT WARNING * * *
You hit it. Yredelemnul accepts your kill.
Reactivating autopickup.
Your life force feels restored.
You feel a bit more experienced.
You puncture the orc!
You kill the orc!
Yredelemnul accepts your kill.
You puncture the orc!
You kill the orc!
Yredelemnul accepts your kill.
You hit the orc.
The orc is severely wounded.
The orc hits you with an orcish flail.
You die...
Your body rises from the dead as a mindless zombie.

##### ..... ############ .:....
.%.........## ......
##########..######.......
##.....@o.......
########....... ########+#
#........# ###.########
#######...############
#.........).....>....###
########.≈≈...⌠...............#
#........≈≈≈≈...#..(.%......#.#


You could see an orc.

Vanquished Creatures
  An orc wizard (D:3)
  A worker ant (D:3)
  5 adders
  2 worms (D:3)
  A giant gecko (D:3)
  3 oozes
  13 orcs (D:3)
  2 giant cockroaches (D:2)
  8 goblins
  6 hobgoblins
  4 jackals (D:2)
  3 quokkas
  4 bats
  6 giant newts
  9 kobolds
  7 rats
75 creatures vanquished.

Vanquished Creatures (collateral kills)
  A hobgoblin (D:1)
1 creature vanquished.

Grand Total: 76 creatures vanquished

Notes
Turn   | Place    | Note
--------------------------------------------------------------
     0 | D:1      | PolkaDot, the Demonspawn Death Knight, began the quest for the Orb.
     0 | D:1      | Reached XP level 1. HP: 16/16 MP: 2/2
    72 | D:1      | Gained mutation: You have a pair of small horns on your head. [demonic ancestry]
    72 | D:1      | Reached XP level 2. HP: 20/22 MP: 4/4
   443 | D:1      | Acquired Yredelemnul's second power
   513 | D:1      | Reached skill level 4 in Invocations
   552 | D:2      | Reached XP level 3. HP: 15/28 MP: 6/6
   816 | D:2      | Gained mutation: You are slightly more attuned to the shadows. [demonic ancestry]
   816 | D:2      | Reached XP level 4. HP: 24/34 MP: 7/7
  1195 | D:2      | Found a deep blue altar of Sif Muna.
  1503 | D:3      | Found an ancient bone altar of Kikubaaqudgha.
  1586 | D:3      | Gained mutation: You have a pair of horns on your head. [demonic ancestry]
  1586 | D:3      | Reached XP level 5. HP: 17/40 MP: 10/10
  1600 | D:3      | Found a shimmering altar of Xom.
  1659 | D:3      | Reached skill level 5 in Invocations
  1705 | D:3      | Acquired Yredelemnul's third power
  1797 | D:3      | HP: 1/40 [something (2)]
  1801 | D:3      | Slain by an orc

Action                   |  1- 3 |  4- 6 || total
-------------------------+-------+-------++-------
Melee: Spear             |   152 |   120 ||   272
Invok: Animate Remains   |     1 |       ||     1
  Use: Potion            |       |     3 ||     3
 Stab: Sleeping          |       |     4 ||     4
